HSSL
SPANISH FORK HS @ MARIS SCHOOL MARINERS
04/25/2029
 
TOP OF THE 1ST
Spanish Fork HS batting - Pitching for Maris School Mariners : LHP Marc O'Dwyer
Pitching: LHP Marc O'Dwyer
Batting: RHB Thad Bauer 0-0: Ball
1-0: Called Strike
1-1: Swinging Strike
1-2: DOUBLE (Line Drive, 7LD)
Batting: RHB Michael MacDonald 0-0: Ball
1-0: Ball
2-0: Ground out 4-3 (Groundball, 4S)
Thad Bauer to third
Batting: RHB Geoffrey Billings 0-0: Called Strike
0-1: Ball
1-1: Called Strike
1-2: Strikes out swinging
Batting: SHB Iván Flores 0-0: Ball
1-0: Swinging Strike
1-1: Foul Ball, location: 2F
1-2: Strikes out looking
Top of the 1st over - 0 runs, 1 hit, 0 errors, 1 left on base; Spanish Fork HS 0 - Maris School 0
BOTTOM OF THE 1ST
Maris School Mariners batting - Pitching for Spanish Fork HS : RHP Henry Casey
Pitching: RHP Henry Casey
Batting: RHB John Verville 0-0: Called Strike
0-1: Ball
1-1: Ball
2-1: Foul Ball, location: 2F
2-2: Fly out, F4 (Line Drive, 4)
Batting: SHB Rob Nelson 0-0: Ball
1-0: Ground out U3 (Groundball, 3)
Batting: RHB Neal Sánchez 0-0: Ball
1-0: Fly out, F8 (Flyball, 8LM)
Bottom of the 1st over - 0 runs, 0 hits, 0 errors, 0 left on base; Spanish Fork HS 0 - Maris School 0
TOP OF THE 2ND
Spanish Fork HS batting - Pitching for Maris School Mariners : LHP Marc O'Dwyer
Batting: SHB Juan Álvarez 0-0: Ball
1-0: Foul Ball, location: 2F
1-1: Ball
2-1: SINGLE (Groundball, 13S) (infield hit)
Batting: RHB Thomas Hollis 0-0: Ball
1-0: Ball
2-0: Ball
3-0: Called Strike
3-1: Base on Balls
Juan Álvarez to second
Batting: LHB David MacIntyre 0-0: Ball
1-0: Ball
2-0: Foul Ball, location: 2F
2-1: Swinging Strike
2-2: Ball
3-2: Base on Balls
Juan Álvarez to third
Thomas Hollis to second
Batting: LHB Carl Ríos 0-0: Ball
1-0: Called Strike
1-1: Fly out, F9 (Flyball, 89M)
Runner from 3rd tags up, SCORES, throw made
Batting: RHB John Flowers 0-0: Ball
1-0: Called Strike
1-1: SINGLE (Flyball, 78S)
Thomas Hollis to third
David MacIntyre to second
Batting: RHB Thad Bauer 0-0: Ball
1-0: Ball
2-0: Called Strike
2-1: Swinging Strike
2-2: SINGLE (Groundball, 56D)
Thomas Hollis scores
David MacIntyre to third
John Flowers to second
Runner from 3rd tries for Home, SAFE, throw made home
Batting: RHB Michael MacDonald 0-0: Ball
1-0: Reached on error, E4 (Groundball, 4M)
John Flowers to third
Thad Bauer to second
Batting: RHB Geoffrey Billings 0-0: Foul Ball, location: 2F
0-1: Ball
Wild Pitch!
John Flowers scores
Thad Bauer to third
Michael MacDonald to second
1-1: Swinging Strike
1-2: Strikes out swinging
Batting: SHB Iván Flores 0-0: Called Strike
0-1: Ball
1-1: Ball
2-1: Called Strike
2-2: SINGLE (Groundball, 34S) (infield hit)
Thad Bauer scores
Michael MacDonald to third
Batting: SHB Juan Álvarez 0-0: Ball
1-0: Called Strike
1-1: Ball
2-1: Foul Ball, location: 2F
2-2: Foul Ball, location: 2F
2-2: Ball
3-2: Fly out, F9 (Flyball, 9)
Top of the 2nd over - 5 runs, 4 hits, 1 error, 2 left on base; Spanish Fork HS 5 - Maris School 0
BOTTOM OF THE 2ND
Maris School Mariners batting - Pitching for Spanish Fork HS : RHP Henry Casey
Batting: RHB Grant Reynolds 0-0: Ball
1-0: Called Strike
1-1: Swinging Strike
1-2: Ground out 1-3 (Groundball, P)
Batting: RHB Dusty Pope 0-0: Ball
1-0: Called Strike
1-1: Ball
2-1: Swinging Strike
2-2: Strikes out swinging
Batting: SHB Albert Montgomery 0-0: Called Strike
0-1: Foul Ball, location: 2F
0-2: Strikes out swinging
Bottom of the 2nd over - 0 runs, 0 hits, 0 errors, 0 left on base; Spanish Fork HS 5 - Maris School 0
TOP OF THE 3RD
Spanish Fork HS batting - Pitching for Maris School Mariners : LHP Marc O'Dwyer
Batting: RHB Thomas Hollis 0-0: Foul Ball, location: 2F
0-1: Foul Ball, location: 2F
0-2: Ball
1-2: Ball
2-2: Fly out, F8 (Flyball, 8LD)
Batting: LHB David MacIntyre 0-0: Ball
1-0: Ball
2-0: Ball
3-0: Called Strike
3-1: Swinging Strike
3-2: Foul Ball, location: 2F
3-2: SINGLE (Line Drive, 89S)
Batting: LHB Carl Ríos 0-0: Ball
1-0: SINGLE (Flyball, 9S)
David MacIntyre to second
Batting: RHB John Flowers 0-0: Called Strike
0-1: Ball
1-1: Called Strike
1-2: Foul Ball, location: 2F
1-2: Ball
2-2: Ball
3-2: Grounds into double play, 5-4-3 (Groundball, 5)
Top of the 3rd over - 0 runs, 2 hits, 0 errors, 1 left on base; Spanish Fork HS 5 - Maris School 0
BOTTOM OF THE 3RD
Maris School Mariners batting - Pitching for Spanish Fork HS : RHP Henry Casey
Batting: LHB Alexander Randolph 0-0: Ball
1-0: Called Strike
1-1: Foul Ball, location: 2F
1-2: Fly out, F7 (Flyball, 78D)
Batting: RHB Ed Lovett 0-0: Called Strike
0-1: Foul Ball, location: 2F
0-2: DOUBLE (Line Drive, 3D)
Batting: LHB Sam Pippy 0-0: Ball
1-0: Called Strike
1-1: Foul Ball, location: 2F
1-2: Foul Ball, location: 2F
1-2: Ball
2-2: Foul Ball, location: 2F
2-2: Ball
3-2: Strikes out swinging
Batting: RHB John Verville 0-0: Called Strike
Error on foul ball, E3
0-2: Foul Ball, location: 2F
0-2: Ball
1-2: Fly out, F7 (Flyball, 7S)
Bottom of the 3rd over - 0 runs, 1 hit, 1 error, 1 left on base; Spanish Fork HS 5 - Maris School 0
TOP OF THE 4TH
Spanish Fork HS batting - Pitching for Maris School Mariners : LHP Marc O'Dwyer
Pitching: LHP Kyle Thompson
Batting: RHB Thad Bauer 0-0: Ball
1-0: Called Strike
1-1: Foul Ball, location: 2F
1-2: SINGLE (Line Drive, 4D)
Batting: RHB Michael MacDonald 0-0: Ball
Thad Bauer steals 2nd base
1-0: SINGLE (Groundball, 6MD)
Thad Bauer to third
Runner from 3rd tries for Home, SAFE, throw made home
Batting: RHB Geoffrey Billings 0-0: Ball
1-0: Ball
2-0: Called Strike
2-1: Ball
3-1: Called Strike
3-2: Foul Ball, location: 2F
3-2: Base on Balls
Michael MacDonald to second
Batting: SHB Iván Flores 0-0: Ball
1-0: SINGLE (Line Drive, 4D)
Michael MacDonald to third
Geoffrey Billings to second
Pitching: RHP David Pérez
Batting: SHB Juan Álvarez 0-0: Foul Ball, location: 2F
0-1: Called Strike
0-2: Strikes out looking
Batting: RHB Thomas Hollis 0-0: Called Strike
0-1: Swinging Strike
0-2: Ball
1-2: Strikes out swinging
Batting: LHB David MacIntyre 0-0: Ball
1-0: Ground out 5-3 (Groundball, 56)
Top of the 4th over - 1 run, 3 hits, 0 errors, 3 left on base; Spanish Fork HS 6 - Maris School 0
BOTTOM OF THE 4TH
Maris School Mariners batting - Pitching for Spanish Fork HS : RHP Henry Casey
Batting: SHB Rob Nelson 0-0: DOUBLE (Flyball, 78XD)
Batting: RHB Neal Sánchez 0-0: Ball
1-0: Ball
2-0: Called Strike
2-1: Foul Ball, location: 2F
2-2: Foul Ball, location: 2F
2-2: Strikes out swinging
Batting: RHB Grant Reynolds 0-0: Called Strike
0-1: Foul Ball, location: 2F
0-2: Ball
1-2: Ball
2-2: Ball
3-2: Base on Balls
Batting: RHB Dusty Pope 0-0: Foul Ball, location: 2F
0-1: Ball
1-1: Ball
2-1: Fly out, F4 (Popup, 4S)
Batting: SHB Albert Montgomery 0-0: Ball
1-0: SINGLE (Groundball, 6D)
Rob Nelson to third
Grant Reynolds to second
Throwing error, E8
Rob Nelson scores
Grant Reynolds to third
Albert Montgomery to second
Batting: LHB Alexander Randolph 0-0: Called Strike
0-1: Ball
1-1: SINGLE (Line Drive, 3L)
Grant Reynolds scores
Albert Montgomery to third
Runner from 3rd tries for Home, SAFE, throw made home
Batting: RHB Ed Lovett 0-0: Called Strike
0-1: Called Strike
0-2: Ball
1-2: Strikes out swinging
Bottom of the 4th over - 3 runs, 3 hits, 1 error, 1 left on base; Spanish Fork HS 6 - Maris School 3
TOP OF THE 5TH
Spanish Fork HS batting - Pitching for Maris School Mariners : RHP David Pérez
Batting: LHB Carl Ríos 0-0: Ball
1-0: Ball
2-0: Ball
3-0: Called Strike
3-1: Base on Balls
Batting: RHB John Flowers 0-0: Swinging Strike
0-1: Ball
1-1: Foul Ball, location: 2F
1-2: Ball
2-2: Foul Ball, location: 2F
2-2: Strikes out swinging
Batting: RHB Thad Bauer 0-0: Ball
1-0: Called Strike
1-1: Foul Ball, location: 2F
1-2: Ball
2-2: Foul Ball, location: 2F
2-2: Strikes out swinging
Batting: RHB Michael MacDonald 0-0: Ball
1-0: Called Strike
1-1: Ball
2-1: Ball
3-1: Base on Balls
Carl Ríos to second
Batting: RHB Geoffrey Billings 0-0: Foul Ball, location: 2F
0-1: Ball
1-1: Foul Ball, location: 2F
1-2: Ball
2-2: Fly out, F8 (Flyball, 8LD)
Top of the 5th over - 0 runs, 0 hits, 0 errors, 2 left on base; Spanish Fork HS 6 - Maris School 3
BOTTOM OF THE 5TH
Maris School Mariners batting - Pitching for Spanish Fork HS : RHP Henry Casey
Batting: LHB Sam Pippy 0-0: Ball
1-0: Called Strike
1-1: Called Strike
1-2: Strikes out swinging
Batting: RHB John Verville 0-0: Fly out, F9 (Flyball, 9LMF)
Batting: SHB Rob Nelson 0-0: Fly out, F8 (Flyball, 8RM)
Bottom of the 5th over - 0 runs, 0 hits, 0 errors, 0 left on base; Spanish Fork HS 6 - Maris School 3
TOP OF THE 6TH
Spanish Fork HS batting - Pitching for Maris School Mariners : RHP David Pérez
Batting: SHB Iván Flores 0-0: Ball
1-0: Ball
2-0: Called Strike
2-1: Called Strike
2-2: Ball
3-2: Base on Balls
Batting: SHB Juan Álvarez 0-0: Called Strike
0-1: Ball
1-1: Ball
2-1: Called Strike
2-2: DOUBLE (Line Drive, 9D)
Iván Flores to third
Runner from 3rd tries for Home, SAFE, no throw
Batting: RHB Thomas Hollis 0-0: Intentional Walk
Batting: LHB David MacIntyre 0-0: Fly out, F9 (Line Drive, 9)
Batting: LHB Carl Ríos 0-0: Ball
1-0: Ball
2-0: Called Strike
2-1: Swinging Strike
2-2: Strikes out swinging
Pitching: LHP Mike Barry
Batting: RHB John Flowers 0-0: Swinging Strike
0-1: Foul Ball, location: 2F
0-2: Foul Ball, location: 2F
0-2: Ball
1-2: Foul Ball, location: 2F
1-2: Strikes out swinging
Top of the 6th over - 1 run, 1 hit, 0 errors, 2 left on base; Spanish Fork HS 7 - Maris School 3
BOTTOM OF THE 6TH
Maris School Mariners batting - Pitching for Spanish Fork HS : RHP Henry Casey
Batting: RHB Neal Sánchez 0-0: Ball
1-0: Ball
2-0: Swinging Strike
2-1: Called Strike
2-2: Ball
3-2: Fly out, F6 (Line Drive, 6)
Batting: RHB Grant Reynolds 0-0: Called Strike
0-1: SOLO HOME RUN (Flyball, 7D), Distance : 414 ft
Pitching: RHP Mike Sinclair
Batting: RHB Dusty Pope 0-0: Ball
1-0: Ball
2-0: Called Strike
2-1: DOUBLE (Line Drive, 7LS)
Batting: SHB Albert Montgomery 0-0: SINGLE (Groundball, 4) (infield hit)
Dusty Pope to third
Batting: LHB Alexander Randolph 0-0: Ball
1-0: Foul Ball, location: 2F
1-1: Called Strike
1-2: Ground out U3 (Groundball, 34)
Dusty Pope scores
Albert Montgomery to second
Batting: RHB Ed Lovett 0-0: Ball
1-0: Called Strike
1-1: Ball
2-1: Ball
3-1: Called Strike
3-2: SINGLE (Groundball, 34S) (infield hit)
Albert Montgomery to third
Batting: LHB Sam Pippy 0-0: Swinging Strike
0-1: Ball
1-1: Swinging Strike
1-2: Strikes out swinging
Bottom of the 6th over - 2 runs, 4 hits, 0 errors, 2 left on base; Spanish Fork HS 7 - Maris School 5
TOP OF THE 7TH
Spanish Fork HS batting - Pitching for Maris School Mariners : LHP Mike Barry
Batting: RHB Thad Bauer 0-0: Foul Ball, location: 2F
0-1: Ball
1-1: Swinging Strike
1-2: Strikes out swinging
Batting: RHB Michael MacDonald 0-0: Called Strike
0-1: Called Strike
0-2: SINGLE (Groundball, 5D)
Batting: RHB Geoffrey Billings 0-0: Ball
1-0: Called Strike
1-1: Ball
2-1: Swinging Strike
2-2: Strikes out swinging
Batting: SHB Iván Flores 0-0: Ball
1-0: Called Strike
Michael MacDonald steals 2nd base
1-1: DOUBLE (Flyball, 89D)
Michael MacDonald scores
Batting: SHB Juan Álvarez 0-0: Swinging Strike
0-1: Ball
1-1: Swinging Strike
1-2: Foul Ball, location: 2F
1-2: Ball
2-2: Strikes out swinging
Top of the 7th over - 1 run, 2 hits, 0 errors, 1 left on base; Spanish Fork HS 8 - Maris School 5
BOTTOM OF THE 7TH
Maris School Mariners batting - Pitching for Spanish Fork HS : RHP Mike Sinclair
Batting: RHB John Verville 0-0: Ball
1-0: Called Strike
1-1: Foul Ball, location: 2F
1-2: Fly out, F3 (Popup, 3SF)
Batting: SHB Rob Nelson 0-0: Ball
1-0: Ball
2-0: Ball
3-0: Base on Balls
Batting: RHB Neal Sánchez 0-0: Called Strike
0-1: Ball
1-1: Called Strike
1-2: Ball
2-2: Strikes out swinging
Batting: RHB Grant Reynolds 0-0: Ball
1-0: Swinging Strike
1-1: Ball
2-1: Ball
3-1: Base on Balls
Rob Nelson to second
Batting: RHB Dusty Pope 0-0: Fly out, F8 (Flyball, 78M)
Bottom of the 7th over - 0 runs, 0 hits, 0 errors, 2 left on base; Spanish Fork HS 8 - Maris School 5
TOP OF THE 8TH
Spanish Fork HS batting - Pitching for Maris School Mariners : LHP Mike Barry
Batting: RHB Thomas Hollis 0-0: Foul Ball, location: 2F
0-1: SINGLE (Groundball, 56D)
Batting: LHB David MacIntyre 0-0: Called Strike
0-1: Ball
1-1: Ball
2-1: Ball
3-1: Base on Balls
Thomas Hollis to second
Batting: LHB Carl Ríos 0-0: Ball
1-0: DOUBLE (Flyball, 89D)
Thomas Hollis scores
David MacIntyre to third
Batting: RHB John Flowers 0-0: Foul Ball, location: 2F
0-1: Called Strike
0-2: Ball
1-2: Foul Ball, location: 2F
1-2: Strikes out swinging
Batting: RHB Thad Bauer 0-0: Called Strike
0-1: Swinging Strike
0-2: Foul Ball, location: 2F
0-2: Foul Ball, location: 2F
0-2: Foul Ball, location: 2F
0-2: Foul Ball, location: 2F
0-2: SINGLE (Line Drive, 56)
David MacIntyre scores
Carl Ríos to third
Batting: RHB Michael MacDonald 0-0: Ball
1-0: Ball
2-0: Ball
3-0: Base on Balls
Thad Bauer to second
Batting: RHB Geoffrey Billings 0-0: Ball
1-0: Called Strike
1-1: Grounds into fielders choice 4-2 (Groundball, 34)
Thad Bauer to third
Michael MacDonald to second
Batting: SHB Iván Flores 0-0: SINGLE (Line Drive, 8LS)
Thad Bauer scores
Michael MacDonald to third
Geoffrey Billings to second
Runner from 3rd tries for Home, SAFE, throw made home
Batting: SHB Juan Álvarez 0-0: Called Strike
0-1: Foul Ball, location: 2F
0-2: Ball
1-2: Fly out, F8 (Flyball, 8RD)
Top of the 8th over - 4 runs, 4 hits, 0 errors, 2 left on base; Spanish Fork HS 12 - Maris School 5
BOTTOM OF THE 8TH
Maris School Mariners batting - Pitching for Spanish Fork HS : RHP Mike Sinclair
Batting: SHB Albert Montgomery 0-0: Ball
1-0: SINGLE (Groundball, 56D)
Batting: LHB Alexander Randolph 0-0: Ball
1-0: Called Strike
1-1: Called Strike
1-2: Strikes out swinging
Batting: RHB Ed Lovett 0-0: Ball
1-0: Grounds into double play, 4-6-3 (Groundball, 34)
Bottom of the 8th over - 0 runs, 1 hit, 0 errors, 0 left on base; Spanish Fork HS 12 - Maris School 5
TOP OF THE 9TH
Spanish Fork HS batting - Pitching for Maris School Mariners : LHP Mike Barry
Pitching: RHP Matt Sloane
Batting: RHB Thomas Hollis 0-0: Ground out 6-3 (Groundball, 6M)
Batting: LHB David MacIntyre 0-0: Ball
1-0: Ball
2-0: Ball
3-0: Called Strike
3-1: Base on Balls
Batting: LHB Carl Ríos 0-0: Ball
1-0: Fielders Choice at 2nd, 3-6 (Groundball, 34)
Batting: RHB John Flowers 0-0: Ball
1-0: Foul Ball, location: 2F
1-1: Swinging Strike
1-2: Strikes out swinging, 2-3 out at first.
Top of the 9th over - 0 runs, 0 hits, 0 errors, 1 left on base; Spanish Fork HS 12 - Maris School 5
BOTTOM OF THE 9TH
Maris School Mariners batting - Pitching for Spanish Fork HS : RHP Mike Sinclair
Now at 1B: Lou Kenner
Batting: LHB Sam Pippy 0-0: Swinging Strike
0-1: Ball
1-1: Ball
2-1: Ball
3-1: Called Strike
3-2: Strikes out swinging
Batting: RHB John Verville 0-0: Ball
1-0: Called Strike
1-1: Foul Ball, location: 2F
1-2: Ball
2-2: DOUBLE (Line Drive, 9LD)
Pitching: LHP Fred Spurr
Batting: SHB Rob Nelson 0-0: Ball
1-0: Ball
2-0: Called Strike
2-1: Ball
3-1: Swinging Strike
3-2: SINGLE (Line Drive, 4MD)
John Verville to third
Batting: RHB Neal Sánchez 0-0: Foul Ball, location: 2F
0-1: Swinging Strike
0-2: Ball
1-2: Strikes out swinging
Batting: RHB Grant Reynolds 0-0: Ball
1-0: Ball
2-0: Ball
3-0: Foul Ball, location: 2F
3-1: Base on Balls
Rob Nelson to second
Batting: RHB Dusty Pope 0-0: Ball
1-0: Ball
2-0: Called Strike
2-1: Called Strike
2-2: Strikes out swinging
Bottom of the 9th over - 0 runs, 2 hits, 0 errors, 3 left on base; Spanish Fork HS 12 - Maris School 5
Saturday, December 16th, 2017 - OOTP Baseball 18.8 Build 76